 Dungeon Crawl Stone Soup version 0.24-a0-70-gf44d0c5 (webtiles) character file.

Game seed: 11155158742676167929

32876 Lavandula the Slinger (level 14, -1/88 HPs)
             Began as a Halfling Arcane Marksman on Feb 3, 2019.
             Was the Champion of Cheibriados.
             Slain by a thorn hunter (10 damage)
             ... on level 2 of the Swamp on Feb 6, 2019.
             The game lasted 01:25:51 (11431 turns).

Lavandula the Slinger (Halfling Arcane Marksman)   Turns: 11431, Time: 01:25:52

Health: -1/88      AC: 17    Str: 31    XL:     14   Next: 5%
Magic:  10/21      EV: 20    Int: 28    God:    Cheibriados [******]
Gold:   1178       SH:  2    Dex: 31    Spells: 2/23 levels left

rFire    + + .     SeeInvis .     - Unarmed
rCold    . . .     Gourm    .   (shield currently unavailable)
rNeg     . . .     Faith    .   D - +1 swamp dragon scales
rPois    +         Spirit   .   s - +2 hat {MR+}
rElec    .         Reflect  +   L - +2 cloak {MR+}
rCorr    .         Harm     .   (gloves currently unavailable)
MR       +++..                  (no boots)
Stlth    ++........             a - amulet of Niwya {Reflect +Inv rF++ SH+2}
HPRegen  0.24/turn              v - +3 ring of strength
MPRegen  0.17/turn              V - +3 ring of protection

@: about to teleport, blade hands, grasped by roots, very slightly contaminated,
glowing, constricted, very slow
A: small, mutation resistance 1
a: End Transformation, Bend Time, Temporal Distortion, Slouch, Step From Time,
Renounce Religion, Evoke Invisibility


You were on level 2 of the Swamp.
You worshipped Cheibriados.
Cheibriados was exalted by your worship.
You were not hungry.
You had blades for hands.
You visited 5 branches of the dungeon, and saw 21 of its levels.
You also visited: Sewer and Gauntlet.

You collected 1598 gold pieces.
You spent 420 gold pieces at shops.

Inventory:

Hand Weapons
 c - a +4 hunting sling of flaming (melded)
 H - a +0 blowgun
Missiles
 b - 352 stones (quivered)
 d - 12 sling bullets
 g - 7 tomahawks of dispersal
 u - 12 curare-tipped needles
 J - 3 throwing nets
Armour
 e - a +2 robe of magic resistance
 n - a +2 pair of gloves (melded)
 p - a +2 robe of resistance
 s - a +2 hat of magic resistance (worn)
 t - a +3 scale mail
 B - the +0 hat "Sogh" {rC- rCorr Slay+3}
   (You found it in a Gauntlet)

   It affects your accuracy and damage with ranged weapons and melee attacks
   (+3).
   It makes you vulnerable to cold.
   It provides partial protection from all sources of acid and corrosion.
 D - +1 swamp dragon scales (worn)
 K - the +1 robe of the Great Game {rElec rPois}
   (You found it in a Gauntlet)

   It insulates you from electricity.
   It protects you from poison.
 L - a +2 cloak of magic resistance (worn)
 M - a +0 buckler of reflection (melded)
 O - the +5 ring mail of Cejeu {rF+ rC+ Dex+3}
   (You found it on level 11 of the Dungeon)

   It affects your dexterity (+3).
   It protects you from fire.
   It protects you from cold.
Magical Staves
 P - an uncursed staff of poison {unknown}
Jewellery
 a - the amulet of Niwya (around neck) {Reflect +Inv rF++ SH+2}
   (You found it on level 9 of the Dungeon)

   [amulet of reflection]

   It shields you and reflects attacks.
   It greatly protects you from fire.
   It lets you turn invisible.
   It affects your SH (+2).
 v - a +3 ring of strength (left scythe-like blade)
 y - an uncursed ring of wizardry
 A - an uncursed ring of positive energy
 Q - an uncursed amulet of rage {unknown}
 V - a +3 ring of protection (right scythe-like blade)
Wands
 F - a wand of flame (22)
 R - a wand of iceblast (6)
 T - a wand of polymorph (10)
Scrolls
 k - 3 scrolls of fear
 l - 8 scrolls of teleportation
 q - 4 scrolls of fog
 w - 2 scrolls of identify
 I - 4 scrolls of remove curse
Potions
 h - 5 potions of curing
 i - 2 potions of magic
 m - 2 potions of might
 o - 3 potions of cancellation
 r - 4 potions of brilliance
 U - a potion of mutation
Miscellaneous
 x - a fan of gales
 N - a box of beasts
Comestibles
 f - 24 rations


   Skills:
 - Level 5.0 Fighting
 - Level 12.1 Slings
 - Level 4.3 Armour
 - Level 7.7 Dodging
 - Level 6.0 Stealth
 - Level 5.6 Shields
 + Level 7.1 Unarmed Combat
 - Level 5.2 Spellcasting
 - Level 4.2 Hexes
 - Level 4.2 Necromancy
 - Level 4.0 Translocations
 - Level 6.7 Transmutations
 - Level 2.9 Fire Magic
 - Level 6.6 Invocations


You had 2 spell levels left.
You knew the following spells:

 Your Spells              Type           Power        Failure   Level  Hunger
a - Corona                Hex            ####...      19%         1    None
b - Animate Skeleton      Necr           N/A          19%         1    None
c - Regeneration          Chrm/Necr      ###.......   47%         3    #......
d - Summon Small Mammal   Summ           #...         43%         1    None
e - Inner Flame           Hex/Fire       ####....     36%         3    #......
f - Blink                 Tloc           N/A          24%         2    None
g - Apportation           Tloc           ####..       19%         1    None
h - Blade Hands           Tmut           #####.....   56%         5    #####..
i - Cause Fear            Hex            ####......   56%         4    ###....

Your spell library contained the following spells:

 Spells                   Type           Power        Failure   Level  Hunger
 Beastly Appendage        Tmut           #####.       12%         1    None
 Sticks to Snakes         Tmut           #####...     14%         2    None
 Confusing Touch          Hex            ####..       19%         1    None
 Slow                     Hex            ####....     22%         2    None
 Shroud of Golubria       Chrm/Tloc      ###.......   36%         2    None
 Lesser Beckoning         Tloc           ####......   32%         3    #......
 Portal Projectile        Hex/Tloc       ####..       32%         3    #......
 Spider Form              Tmut/Pois      ####......   38%         3    #......
 Spectral Weapon          Hex/Chrm       ###.....     47%         3    #......
 Passage of Golubria      Tloc           N/A          58%         4    ###....
 Ice Form                 Ice/Tmut       ####....     65%         4    ###....
 Ozocubu's Armour         Chrm/Ice       #.......     69%         3    #......
 Leda's Liquefaction      Hex/Erth       ###.......   78%         4    ###....
 Excruciating Wounds      Chrm/Necr      ###.......   96%         5    #####..
 Iskenderun's Battlesphe  Conj/Chrm      #.......     99%         5    #####..
 Disjunction              Tloc           ####......   100%        8    #######


Dungeon Overview and Level Annotations

Branches:
Dungeon (13/15)            Temple (1/1) D:5            Lair (2/6) D:10
  Swamp (3/4) Lair:2          Orc (2/2) D:10            Elf (0/3) Orc:2
  Snake: Lair:2-4    Spider: Lair:2-4    Vaults: D:13-14

Altars:
Ashenzari
Cheibriados
Dithmenos
Fedhas
Qazlal
Sif Muna
Uskayaw
Vehumet
Xom
Zin
The Shining One

Shops:
D:5 %   D:7 :   Orc:2 [=(*

Portals:
Trove: D:10 (give 11 potions of heal wounds)

Annotations:
Lair:2 3 runed translucent doors, Aschiman's ghost, journeyman MiFi


Innate Abilities, Weirdness & Mutations

You are small and have problems with some larger weapons.
You are somewhat resistant to further mutation.


Message History

Your skin stops crawling.
The shambling mangrove completely misses you.
* * * LOW HITPOINT WARNING * * *
The grasping roots constrict you!
Blink to where?
Press: ? - help, Dir - move target cursor You escape the roots' grasp.
As you read the scroll of blinking, it crumbles to dust.
As you read the scroll of teleportation, it crumbles to dust.
You feel strangely unstable.
Roots burst forth from the earth!
The grasping roots grab you! The grasping roots constrict you.
Unknown command.
Okay, then.
Casting: Regeneration (slightly dangerous; 47% risk of failure)
Confirm with . or Enter, or press ? or * to list all spells.
You miscast Blink.
The floor and the ceiling briefly switch places.
The thorn hunter hits you!
You die...

♣.≈≈.≈≈≈≈≈♣≈≈>..≈≈.≈≈.
♣.≈≈..≈≈.≈≈.†.≈≈≈≈≈≈≈≈♣ ♣♣.≈
♣♣.....≈≈.≈.≈≈§..§≈♣ ♣.≈≈
♣♣........≈..≈§≈≈≈.♣
..≈.♣♣..........§...≈≈≈.♣♣♣≈
......§........≈≈.≈≈♣≈≈..♣.≈≈♣
≈≈..♣≈≈...........≈.≈≈≈≈..≈..♣
≈..♣.....♣.♣......≈......≈≈.%♣
≈.≈.≈.....♣.♣...@f...≈≈.≈≈≈.♣
≈...≈....♣♣♣♣....≈..≈.....≈.♣
≈≈≈........♣......≈..≈≈≈≈.≈.♣
§≈♣♣≈≈...f.......n♣♣.≈≈≈≈≈≈.♣ ≈♣
♣♣............§≈.♣≈..≈.≈.♣♣ ≈
♣≈♣..........≈..≈≈≈≈..≈≈..♣♣♣♣
..≈.≈.≈...≈.≈..≈..≈≈.§♣♣..≈≈≈≈♣
.≈.≈.≈≈≈≈.≈.≈..≈♣♣....♣♣♣♣.>.≈♣♣
.≈≈≈≈.♣.......≈.≈♣♣♣§♣♣♣ ♣♣.§♣♣


You could see a thorn hunter, a shambling mangrove and a bog body.

Vanquished Creatures
  Gastronok (Lair:1)
  An orc warlord (Orc:2)
  A minotaur (Gauntlet)
  2 hydras
  Harold (D:7)
  Erica (Lair:1)
  A two-headed ogre (Orc:2)
  3 orc high priests
  2 spriggans (Swamp:2)
  3 orc knights (Orc:2)
  An ugly thing (D:10)
  An orc sorcerer (Orc:2)
  A spiny frog (Lair:2)
  2 kobold demonologists (D:7)
  An efreet (Gauntlet)
  A rime drake (Lair:1)
  3 trolls
  4 hornets
  A hippogriff (D:8)
  3 blink frogs (Lair:2)
  27 yaks
  2 basilisks
  2 fire elementals (Gauntlet)
  7 vampire mosquitoes
  A hungry ghost (D:12)
  2 wargs
  A swamp worm (Swamp:1)
  An acid dragon (D:12)
  6 insubstantial wisps (Swamp:2)
  Duvessa (D:6)
  A floating eye (Gauntlet)
  3 hell hounds (Gauntlet)
  2 porcupines
  25 orc warriors
  A swamp drake (Lair:2)
  A black bear (D:10)
  A sky beast (D:5)
  2 ice beasts
  13 ogres
  6 centaurs
  A phantom (D:9)
  3 crocodiles
  5 big kobolds
  7 bullfrogs
  A gnoll sergeant (D:8)
  3 scorpions
  Dowan (D:6)
  5 killer bees (D:7)
  2 jellies
  17 wights
  2 howler monkeys
  2 crimson imps
  2 bullfrog zombies
  A quasit (D:12)
  3 centaur zombies
  4 hounds
  3 centaur skeletons
  3 gnoll shamans (D:8)
  13 orc priests
  5 iguanas
  16 orc wizards
  2 bullfrog skeletons
  10 worker ants
  A hound skeleton (D:7)
  16 gnolls
  11 adders
  A river rat (Sewer)
  4 shadow imps
  2 oozes (Sewer)
  2 adder skeletons
  7 worms
  8 leopard geckos
  53 orcs
  6 giant cockroaches
  3 goblins
  4 hobgoblins
  7 jackals (D:4)
  26 kobolds
  2 quokkas
  5 ball pythons (Sewer)
  5 bats
  A frilled lizard (D:3)
  A leopard gecko skeleton (D:6)
  11 rats
426 creatures vanquished.

Vanquished Creatures (collateral kills)
  An orc high priest (Orc:2)
  An orc sorcerer (Orc:2)
  Psyche (D:9)
  A hippogriff (Lair:1)
  3 orc warriors
  A big kobold (D:8)
  A crimson imp (D:8)
  An orc priest (D:8)
  4 gnolls (D:8)
  6 orcs
  A plant (D:8)
21 creatures vanquished.

Vanquished Creatures (others)
  11 demonic plants (Gauntlet)
  7 fungi (Orc:2)
  7 toadstools (Swamp:2)
25 creatures vanquished.

Grand Total: 472 creatures vanquished

Notes
Turn   | Place    | Note
-------+----------+-------------------------------------------
     0 | D:1      | Lavandula the Halfling Arcane Marksman began the quest for
                  | the Orb.
     0 | D:1      | Reached XP level 1. HP: 12/12 MP: 2/2
   189 | D:1      | Reached XP level 2. HP: 18/18 MP: 3/3
   235 | D:1      | Reached skill level 4 in Slings
   397 | D:2      | Reached skill level 5 in Slings
   397 | D:2      | Reached XP level 3. HP: 22/22 MP: 4/4
   403 | D:2      | Reached XP level 4. HP: 27/27 MP: 5/5
   458 | D:3      | Reached skill level 6 in Slings
   621 | D:3      | Reached skill level 7 in Slings
   621 | D:3      | Reached XP level 5. HP: 25/32 MP: 6/6
   636 | D:3      | Found a glowing drain.
   640 | Sewer    | Entered a sewer
   723 | Sewer    | Noticed a big kobold
   744 | Sewer    | Killed a big kobold
   744 | Sewer    | Reached skill level 8 in Slings
   796 | Sewer    | Reached XP level 6. HP: 30/37 MP: 7/7
   831 | Sewer    | Reached skill level 9 in Slings
  1192 | D:4      | Noticed an ogre
  1469 | D:4      | Reached skill level 10 in Slings
  1469 | D:4      | Reached XP level 7. HP: 39/42 MP: 8/8
  1545 | D:4      | Reached skill level 1 in Shields
  1630 | D:5      | Entered Level 5 of the Dungeon
  1873 | D:5      | Found a deep blue altar of Sif Muna.
  1878 | D:5      | Reached XP level 8. HP: 47/47 MP: 9/9
  1909 | D:5      | Reached skill level 5 in Shields
  2041 | D:5      | Reached skill level 11 in Slings
  2111 | D:4      | Learned a level 1 spell: Animate Skeleton
  2113 | D:4      | Learned a level 1 spell: Apportation
  2115 | D:4      | Learned a level 1 spell: Summon Small Mammal
  2177 | D:5      | Found Reanapn's Food Shop.
  2332 | D:6      | Noticed Duvessa
  2332 | D:6      | Noticed Dowan
  2461 | D:5      | Upgraded the game from 0.24-a0-48-g0ecae65 to
                  | 0.24-a0-67-ga78bd38
  2519 | D:6      | Reached skill level 12 in Slings
  2561 | D:6      | Got a smoking flail
  2623 | D:6      | Reached skill level 1 in Fighting
  2639 | D:6      | Reached XP level 9. HP: 43/55 MP: 10/10
  2910 | D:7      | Found a transporter.
  2910 | D:7      | Noticed a kobold demonologist
  2925 | D:7      | Found a transporter.
  2932 | D:7      | Noticed a kobold demonologist
  2942 | D:7      | Reached skill level 5 in Fighting
  3018 | D:7      | Reached skill level 1 in Stealth
  3308 | D:7      | Reached skill level 5 in Stealth
  3409 | D:7      | Learned a level 3 spell: Inner Flame
  3481 | D:6      | Killed Dowan
  3481 | D:6      | Reached skill level 1 in Fire Magic
  3488 | D:6      | Killed Duvessa
  3514 | D:6      | Reached XP level 10. HP: 62/66 MP: 11/11
  4468 | D:7      | Noticed Harold
  4499 | D:7      | Killed Harold
  4570 | D:7      | Found Tiamitru's Book Shoppe.
  4668 | D:7      | Reached skill level 1 in Armour
  4939 | D:7      | Noticed a rust devil
  4943 | D:7      | Noticed a smoke demon
  4948 | D:7      | Killed a kobold demonologist
  4961 | D:7      | Killed a kobold demonologist
  4961 | D:7      | HP: 2/66 [something (3)]
  5333 | D:5      | Found a staircase to the Ecumenical Temple.
  5345 | Temple   | Entered the Ecumenical Temple
  5361 | Temple   | Became a worshipper of Cheibriados the Contemplative
  5597 | D:8      | Identified the +0 flail "Lutegiol" {venom, *Slow rPois
                  | Dex+5} (You found it on level 6 of the Dungeon)
  5717 | D:8      | Found a shattered altar of Ashenzari.
  5805 | D:8      | Reached skill level 1 in Necromancy
  5821 | D:8      | Reached * piety under Cheibriados
  5990 | D:8      | Reached XP level 11. HP: 63/71 MP: 16/16
  6048 | D:8      | Reached ** piety under Cheibriados
  6355 | D:9      | Reached skill level 1 in Unarmed Combat
  6425 | D:9      | Noticed Psyche
  6434 | D:9      | Killed Psyche
  6502 | D:9      | Reached *** piety under Cheibriados
  6541 | D:9      | Reached skill level 1 in Translocations
  6612 | D:9      | Got a scorched jade amulet
  6616 | D:9      | Identified the amulet of Niwya {Reflect +Inv rF++ SH+2}
                  | (You found it on level 9 of the Dungeon)
  6632 | D:9      | Found a glowing golden altar of the Shining One.
  6679 | D:10     | Entered Level 10 of the Dungeon
  6752 | D:11     | Reached skill level 1 in Invocations
  6899 | D:12     | Found a gate leading to a gauntlet.
  6910 | Gauntlet | Entered a Gauntlet
  6910 | Gauntlet | Found a transporter.
  6910 | Gauntlet | Found a transporter.
  6914 | Gauntlet | Found a transporter.
  6918 | Gauntlet | Found a transporter.
  6929 | Gauntlet | Found a transporter.
  6929 | Gauntlet | Found a transporter.
  6929 | Gauntlet | Noticed a worldbinder
  6939 | Gauntlet | Noticed a sixfirhy
  6939 | Gauntlet | Noticed a sixfirhy
  6941 | Gauntlet | Noticed a sixfirhy
  6942 | Gauntlet | Found a transporter.
  6943 | Gauntlet | Found a transporter.
  6943 | Gauntlet | Noticed a sixfirhy
  6945 | Gauntlet | Found a transporter.
  6946 | Gauntlet | Found a transporter.
  6952 | Gauntlet | Noticed a thrashing horror
  6956 | Gauntlet | Found a transporter.
  6958 | Gauntlet | Found a transporter.
  7520 | Gauntlet | Got a polished hat
  7531 | Gauntlet | Identified the cursed +0 hat "Sogh" {rC- rCorr Slay+3} (You
                  | found it in a Gauntlet)
  7582 | Gauntlet | Noticed a minotaur
  7602 | Gauntlet | Killed a minotaur
  7602 | Gauntlet | Reached skill level 5 in Dodging
  7611 | Gauntlet | Got an ancient robe
  7612 | Gauntlet | Identified the +1 robe of the Great Game {rElec rPois} (You
                  | found it in a Gauntlet)
  7626 | Gauntlet | Identified the Reference Book on Protection
  7631 | Gauntlet | Identified the Disquisition on Displacement
  7635 | Gauntlet | Identified Zoaram's Papyrus of Hurtful Stolen Souls
  7663 | D:11     | Got a scorched ring mail
  7664 | D:11     | Identified the +5 ring mail of Cejeu {rF+ rC+ Dex+3} (You
                  | found it on level 11 of the Dungeon)
  7731 | D:11     | Reached XP level 12. HP: 47/77 MP: 10/17
  7737 | D:11     | Reached **** piety under Cheibriados
  7985 | D:11     | Learned a level 3 spell: Regeneration
  7988 | D:11     | Learned a level 2 spell: Blink
  7994 | D:11     | Learned a level 5 spell: Blade Hands
  8739 | D:12     | Reached skill level 1 in Transmutations
  9251 | D:10     | Reached ***** piety under Cheibriados
  9273 | D:10     | Found a staircase to the Orcish Mines.
  9286 | Orc:1    | Entered Level 1 of the Orcish Mines
  9357 | Orc:2    | Entered Level 2 of the Orcish Mines
  9378 | Orc:2    | Noticed an orc high priest
  9386 | Orc:2    | Reached skill level 5 in Invocations
  9514 | Orc:1    | Killed an orc high priest
  9541 | Orc:2    | Found Jepecwea's Jewellery Shop.
  9616 | Orc:2    | Found Fuiket's Antique Armour Shop.
  9729 | Orc:2    | Noticed an orc high priest
  9739 | Orc:2    | Killed an orc high priest
  9742 | Orc:2    | Noticed a two-headed ogre
  9765 | Orc:2    | Killed a two-headed ogre
  9765 | Orc:2    | Reached XP level 13. HP: 61/81 MP: 12/18
  9788 | Orc:2    | Reached skill level 5 in Transmutations
  9793 | Orc:2    | Noticed an orc warlord
  9959 | Orc:2    | Killed an orc warlord
 10047 | Orc:2    | Learned a level 4 spell: Cause Fear
 10089 | Orc:2    | Reached skill level 5 in Spellcasting
 10106 | Orc:2    | Found Deimeuze's Antique Weapon Emporium.
 10121 | Orc:2    | Found a staircase to the Elven Halls.
 10148 | Orc:2    | Found a shimmering altar of Xom.
 10246 | Orc:2    | Found Hoagymuk's General Store.
 10410 | Orc:2    | Bought an uncursed ring of wizardry for 420 gold pieces
 10523 | D:10     | Found a portal to a secret trove of treasure.
 10704 | D:10     | Found a staircase to the Lair.
 10712 | Lair:1   | Entered Level 1 of the Lair of Beasts
 10731 | Lair:2   | Noticed a seven-headed hydra
 10903 | Lair:1   | Noticed Erica
 10917 | Lair:1   | Killed Erica
 10932 | Lair:1   | Noticed Gastronok
 10950 | Lair:1   | Killed Gastronok
 10950 | Lair:1   | Reached skill level 5 in Unarmed Combat
 10960 | Lair:2   | Found a runed translucent gate.
 10960 | Lair:2   | Found a runed translucent gate.
 10960 | Lair:2   | Found a runed translucent gate.
 10971 | Lair:2   | Noticed Aschiman's ghost (journeyman MiFi)
 10974 | Lair:2   | Noticed a minotaur
 11031 | Lair:2   | Found a staircase to the Swamp.
 11036 | Lair:2   | Killed a seven-headed hydra
 11079 | Swamp:1  | Entered Level 1 of the Swamp
 11145 | Swamp:2  | Noticed a shambling mangrove
 11158 | Swamp:2  | Upgraded the game from 0.24-a0-67-ga78bd38 to
                  | 0.24-a0-70-gf44d0c5
 11197 | Swamp:2  | Noticed a thorn hunter
 11345 | Swamp:2  | Noticed a four-headed hydra
 11355 | Swamp:2  | Killed a four-headed hydra
 11355 | Swamp:2  | Reached XP level 14. HP: 88/88 MP: 21/21
 11362 | Swamp:2  | Reached ****** piety under Cheibriados
 11431 | Swamp:2  | Slain by a thorn hunter

Vault maps used:
D:1:      minmay_arrival_split_and_join
D:2:      wander_river, cheibriados_altar_1
D:3:      lightli_sewer_entry_pipes
D:4:      first_ration, kennysheep_generic_room_7
D:5:      minmay_temple_entry_fiery, serial_shops, shop, basic_altar,
          minivault_1
D:6:      uniq_duvessa
D:7:      gammafunk_wand_slinger, serial_shops, shop, uniq_harold
D:8:      kennysheep_seaside_town, lemuel_crystal_altar,
          amethyst_overflow_temple_binary
D:9:      overflow_temple_1_default, uniq_psyche
D:10:     lair_entry_dummy, nicolae_trove_entry_free_sample
D:12:     gauntlet_entry_generic
D:13:     serial_shops, kennysheep_mini_moat, grunt_pizzeria,
          minmay_curled_crystal, kennysheep_generic_room_15, uniq_nessos
Temple:   compressed_dpeg_circular_temple
Lair:1:   chequers_serial_rivers_large_a, minmay_stone_trees_small,
          beast_lair_carwin_11, lemuel_fruit_tree, uniq_erica, uniq_grum,
          uniq_gastronok
Lair:2:   minmay_swamp_entry_reptiles, maelrawn_ghost_gauntlet_escape
Swamp:1:  nicolae_swamp_rocky_clearing, swamp_pool1, hangedman_swamp_dais,
          infiniplex_staircase_pool
Swamp:2:  cheibrodos_swamp_tower_of_moss, evilmike_swamp_ruin_house_1,
          swamp_pool3, nicolae_swamp_round_clearing
Swamp:3:  layout_falls_marsh, evilmike_swamp_ruin_rubble_2
Orc:1:    uniq_sonja
Orc:2:    grunt_orc_gardens, grunt_orc_garden, grunt_orc_garden,
          grunt_orc_garden, grunt_orc_garden, basic_altar,
          nicolae_orc_crystal_geode
Sewer:    sewer_co_15_rooms
Gauntlet: gammafunk_gauntlet_hard_choice

Skill      XL: |  1  2  3  4  5  6  7  8  9 10 11 12 13 |
---------------+----------------------------------------+-----
Slings         | 5 7 8 10 12 | 12.1
Shields        | 4 5 |  5.6
Fighting       | 2 5 |  5.0
Stealth        | 6 |  6.0
Fire Magic     | 2 |  2.9
Hexes          | 4 |  4.2
Spellcasting   | 3 5 |  5.2
Armour         | 4 |  4.3
Necromancy     | 2 4 |  4.2
Unarmed Combat | 4 7 |  7.1
Translocations | 1 4 |  4.0
Invocations    | 3 6 |  6.6
Dodging        | 6 7 |  7.7
Transmutations | 4 6 |  6.7

Action                   |  1- 3 |  4- 6 |  7- 9 | 10-12 | 13-15 || total
-------------------------+-------+-------+-------+-------+-------++-------
Melee: Unarmed           |       |       |       |       |   104 ||   104
       Punch             |       |       |       |       |     3 ||     3
 Fire: Hunting sling     |    50 |   196 |   398 |   841 |   221 ||  1706
 Cast: Corona            |     1 |       |     1 |     1 |       ||     3
       Summon Small Mamm |       |       |     2 |       |       ||     2
       Apportation       |       |       |       |    49 |    29 ||    78
       Animate Skeleton  |       |       |       |    20 |     6 ||    26
       Inner Flame       |       |       |       |    13 |     1 ||    14
       Regeneration      |       |       |       |     1 |    11 ||    12
       Blink             |       |       |       |     1 |     8 ||     9
       Blade Hands       |       |       |       |       |    18 ||    18
Invok: Step From Time    |       |       |       |       |     1 ||     1
       Slouch            |       |       |       |       |     1 ||     1
 Abil: Evoke Invisibilit |       |       |       |     2 |     2 ||     4
Evoke: Wand              |       |       |       |    16 |     1 ||    17
       Phantom mirror    |       |       |       |       |     1 ||     1
  Use: Scroll            |       |     2 |     6 |    19 |    10 ||    37
       Potion            |       |       |     3 |     6 |     2 ||    11
 Stab: Sleeping          |       |       |       |       |     1 ||     1
  Eat: Chunk             |       |     2 |     5 |     8 |     7 ||    22
       Ration            |       |       |       |     2 |     1 ||     3
Armor: Robe              |       |     7 |    14 |    16 |       ||    37
       Scale mail        |       |       |       |    33 |       ||    33
       Ring mail         |       |       |       |    16 |     8 ||    24
       Swamp dragon scal |       |       |       |       |    24 ||    24
Dodge: Dodged            |    10 |    29 |    71 |   156 |   152 ||   418
Block: Buckler           |       |       |    22 |   114 |    27 ||   163
       Reflection        |       |       |       |    13 |       ||    13
       Other             |       |       |       |       |     6 ||     6

Table legend:
 A = Non-vault XP
 B = Vault XP
 C = Vault XP percentage of total XP
 D = Non-vault monster count
 E = Vault monster count
 F = Vault count percentage of total count
                 A         B        C        D         E       F
            +---------+---------+-------+---------+---------+-------
      Total |   27986 |   18981 |  40.4 |     344 |     102 |  22.9
            +---------+---------+-------+---------+---------+-------
        D:1 |      22 |       0 |   0.0 |      13 |       0 |   0.0
        D:2 |      51 |       0 |   0.0 |       7 |       0 |   0.0
        D:3 |      53 |      47 |  47.0 |      20 |       6 |  23.1
        D:4 |     685 |       2 |   0.3 |      31 |       1 |   3.1
        D:5 |     601 |       0 |   0.0 |      17 |       0 |   0.0
        D:6 |    1588 |     216 |  12.0 |      39 |       2 |   4.9
        D:7 |    1368 |    1861 |  57.6 |      36 |       9 |  20.0
        D:8 |     911 |     997 |  52.3 |      29 |      21 |  42.0
        D:9 |    1921 |     412 |  17.7 |      20 |       1 |   4.8
       D:10 |    4906 |       0 |   0.0 |      31 |       0 |   0.0
       D:11 |    3638 |       0 |   0.0 |      31 |       0 |   0.0
       D:12 |    1203 |       0 |   0.0 |       9 |       0 |   0.0
     Lair:1 |     883 |    3112 |  77.9 |       4 |       3 |  42.9
     Lair:2 |    2473 |     174 |   6.6 |       8 |       2 |  20.0
    Swamp:1 |     165 |       0 |   0.0 |       1 |       0 |   0.0
    Swamp:2 |    4489 |       0 |   0.0 |      16 |       0 |   0.0
      Orc:1 |     459 |    1201 |  72.3 |       6 |       4 |  40.0
      Orc:2 |    2570 |    8078 |  75.9 |      26 |      23 |  46.9
      Sewer |       0 |     268 | 100.0 |       0 |      22 | 100.0
   Gauntlet |       0 |    2613 | 100.0 |       0 |       8 | 100.0
            +---------+---------+-------+---------+---------+-------
